 Dungeon Crawl Stone Soup version 0.19.1 (webtiles) character file.

7492 BarneyGumball the Basher (level 11, -14/60 HPs)
             Began as a Gargoyle Fighter on Dec 31, 2016.
             Was a High Priest of Okawaru.
             Demolished by a large abomination (26 damage)
             ... on level 8 of the Dungeon.
             The game lasted 00:36:02 (10066 turns).

BarneyGumball the Basher (Gargoyle Fighter)        Turns: 10066, Time: 00:36:03

Health: -14/60     AC: 19    Str: 20    XL:     11   Next: 16%
Magic:  9/11       EV: 15    Int:  9    God:    Okawaru [*****.]
Gold:   420        SH: 12    Dex: 12    Spells: 0 memorised, 10 levels left

rFire  . . .     SeeInvis .     a - +0 flail
rCold  . . .     Gourm    .     m - +0 ring mail (curse)
rNeg   + . .     Faith    .     c - +0 shield
rPois  ∞         Spirit   .     g - +0 helmet
rElec  +         Reflect  .     (no cloak)
rCorr  .         Harm     .     L - +0 pair of gloves
MR     .....                    d - +0 pair of boots
Stlth  ++........               (no amulet)
                                (no ring)
                                (no ring)

@: heroism
A: negative energy resistance 1, electricity resistance, unbreathing,
petrification resistance, rot immunity, AC +7
a: Heroism, Finesse, Renounce Religion


You were on level 8 of the Dungeon.
You worshipped Okawaru.
Okawaru was extremely pleased with you.
You were not hungry.

You visited 2 branches of the dungeon, and saw 11 of its levels.
You also visited: Ossuary.

You collected 420 gold pieces.

Inventory:

Hand Weapons
 a - a +0 flail (weapon)
Armour
 b - a +0 scale mail
 c - a +0 shield (worn)
 d - a +0 pair of boots (worn)
 g - a +0 helmet (worn)
 m - a cursed +0 ring mail (worn)
 I - a cursed +0 large shield
 L - a +0 pair of gloves (worn)
Wands
 s - a wand of confusion (22/48)
 F - a wand of slowing (18/48)
 O - a wand of lightning (6/15)
Scrolls
 e - 8 scrolls of amnesia {unknown}
 f - 2 scrolls of magic mapping {unknown}
 h - 2 scrolls of enchant armour {unknown}
 j - 5 scrolls of fog {unknown}
 n - 2 scrolls of fear {unknown}
 o - 5 scrolls of recharging {unknown}
 p - 9 scrolls of identify {unknown}
 q - 6 scrolls of remove curse {unknown}
 y - 5 scrolls of teleportation {unknown}
 B - 2 scrolls of blinking {unknown}
 D - a scroll of noise {unknown}
 E - a scroll of acquirement {unknown}
 G - a scroll of silence {unknown}
 K - a scroll of random uselessness {unknown}
 M - a scroll of enchant weapon {unknown}
Potions
 i - 2 potions of cancellation {unknown}
 l - 2 potions of haste {unknown}
 r - 4 potions of agility
 t - 2 potions of lignification {unknown}
 u - 2 potions of flight {unknown}
 v - 2 potions of resistance {unknown}
 x - 8 potions of curing {unknown}
 z - a potion of heal wounds {unknown}
 A - 2 potions of brilliance {unknown}
 C - a potion of might
 H - 2 potions of mutation {unknown}
Books
 w - a book of Misfortune

   Spells                             Type                      Level
   a - Confusing Touch                Hexes                        1
   b - Confuse                        Hexes                        3
   c - Gell's Gravitas                Hexes/Translocation          3
   d - Petrify                        Transmutation/Earth          4
   e - Metabolic Englaciation         Hexes/Ice                    5
   f - Yara's Violent Unravelling     Hexes/Transmutation          5
 P - a book of Frost

   Spells                             Type                      Level
   a - Freeze                         Ice                          1
   b - Throw Frost                    Conjuration/Ice              2
   c - Ozocubu's Armour               Charms/Ice                   3
   d - Throw Icicle                   Conjuration/Ice              4
   e - Summon Ice Beast               Ice/Summoning                4
Comestibles
 k - 6 meat rations
 J - 10 slices of pizza
 N - 2 bread rations


   Skills:
 - Level 3.2(8.2) Fighting
 - Level 14.0(19.0) Maces & Flails
 + Level 7.4(12.4) Armour
 - Level 4.0(9.0) Dodging
 + Level 5.2(10.2) Shields


You had 10 spell levels left.
You didn't know any spells.

Dungeon Overview and Level Annotations

Branches:
Dungeon (10/15)            Temple (1/1) D:5
   Lair: D:8-11         Orc: D:9-12

Altars:
Ashenzari
Cheibriados
Dithmenos
Elyvilon
Fedhas
Gozag
Hepliaklqana
Kikubaaqudgha
Makhleb
Nemelex Xobeh
Okawaru
Qazlal
Ru
Sif Muna
Trog
Uskayaw
Vehumet
Xom
Yredelemnul
Zin
The Shining One

Shops:
D:9 *

Annotations:
D:4 Host24's ghost, amateur KoHu
D:9 4 runed doors


Innate Abilities, Weirdness & Mutations

You are resistant to torment.
Your stone body is resilient. (AC +7)
You are immune to poison.
You resist negative energy. (rN+)
You are resistant to electric shocks. (rElec)
You can survive without breathing.
You are immune to petrification.
You are immune to rotting.


Message History

You gain the combat prowess of a mighty hero.
The large abomination misses you.
You hit the large abomination but do no damage.
The large abomination is almost destroyed.
The large abomination misses you.
You hit the large abomination.
The large abomination is almost destroyed.
You block the large abomination's attack.
You hit the large abomination.
The large abomination is almost destroyed.
You hit the large abomination.
The large abomination is almost destroyed.
The large abomination hits you but does no damage.
You barely miss the large abomination.
The large abomination is almost destroyed.
The large abomination misses you.
You hit the large abomination.
The large abomination is almost destroyed.
The large abomination hits you!!
You die...

##..##.##'##..##..######..#
#####.##.##..##..## ####
#......#.......#
#.....^#...(...#
#......#....<..#
#......#.......#
#......#.......#
#......#..X....#
#......#..@....#
################


You could see a large abomination.

Vanquished Creatures
  The ghost of posistomp the Summoner, a novice FeSu of Hepliaklqana (D:8)
  A two-headed ogre (D:8)
  Grinder (D:4)
  A hippogriff (D:6)
  A spriggan (D:9)
  6 yaks (D:10)
  4 humans
  A hungry ghost (D:8)
  3 water moccasins
  3 small abominations
  An orc warrior (D:7)
  A sky beast (D:10)
  2 black bears (D:8)
  2 ice beasts
  2 phantoms
  4 ogres
  4 centaurs
  A big kobold (D:8)
  6 bullfrogs
  6 water moccasin zombies (Ossuary)
  3 scorpions
  2 water moccasin skeletons
  4 crimson imps
  4 bullfrog zombies
  3 howler monkeys
  3 centaur zombies
  2 orc priests
  2 centaur skeletons (D:5)
  2 hounds
  5 orc wizards
  Ijyb (D:3)
  3 iguanas
  10 worker ants
  5 big kobold zombies (Ossuary)
  4 hound zombies
  3 mummies
  2 worker ant zombies
  17 adders
  5 gnolls
  A shadow imp (D:6)
  An ooze (D:3)
  8 adder zombies
  3 adder skeletons
  4 worms
  2 dart slugs
  5 leopard geckos
  14 orcs
  6 giant cockroaches
  8 goblins
  10 hobgoblins
  12 jackals
  9 kobolds
  6 quokkas
  8 bats
  4 frilled lizards
  5 gnoll zombies (Ossuary)
  A goblin zombie (D:6)
  6 hobgoblin zombies (Ossuary)
  A kobold zombie (Ossuary)
  A leopard gecko zombie (D:5)
  7 orc zombies
  A quokka skeleton (D:6)
  A quokka zombie (D:9)
  5 rats
260 creatures vanquished.

Notes
Turn   | Place    | Note
-------+----------+-------------------------------------------
     0 | D:1      | BarneyGumball the Gargoyle Fighter began the quest for the Orb.
     0 | D:1      | Reached XP level 1. HP: 14/14 MP: 1/1
   115 | D:1      | Reached XP level 2. HP: 15/19 MP: 2/2
   305 | D:1      | Reached skill level 3 in Maces & Flails
   666 | D:1      | Reached XP level 3. HP: 17/23 MP: 3/3
   948 | D:2      | Reached skill level 4 in Maces & Flails
   953 | D:2      | Reached XP level 4. HP: 19/28 MP: 4/4
  1209 | D:2      | Found a shadowy altar of Dithmenos.
  1679 | D:3      | Found an ancient bone altar of Kikubaaqudgha.
  1707 | D:3      | Reached skill level 5 in Maces & Flails
  1708 | D:3      | Reached XP level 5. HP: 32/32 MP: 5/5
  1716 | D:3      | Noticed Ijyb
  1733 | D:3      | Killed Ijyb
  2159 | D:3      | Found an opulent altar of Gozag.
  2464 | D:4      | Noticed Grinder
  2480 | D:4      | Killed Grinder
  2480 | D:4      | Reached skill level 7 in Maces & Flails
  2480 | D:4      | Reached XP level 6. HP: 24/37 MP: 6/6
  2675 | D:4      | Noticed Host24's ghost (amateur KoHu)
  2901 | D:4      | Reached XP level 7. HP: 41/41 MP: 7/7
  3107 | D:4      | Reached skill level 8 in Maces & Flails
  3200 | D:5      | Entered Level 5 of the Dungeon
  3202 | D:5      | Found a staircase to the Ecumenical Temple.
  3221 | Temple   | Entered the Ecumenical Temple
  3285 | Temple   | Became a worshipper of Warmaster Okawaru
  3838 | D:5      | Reached * piety under Okawaru
  3838 | D:5      | Reached skill level 9 in Maces & Flails
  3838 | D:5      | Reached XP level 8. HP: 41/46 MP: 8/8
  4098 | D:5      | Found a faded altar of an unknown god.
  4098 | D:5      | Found a white marble altar of Elyvilon.
  4103 | D:5      | Found a faded altar of an unknown god.
  4105 | D:5      | Found a faded altar of an unknown god.
  4107 | D:5      | Found a faded altar of an unknown god.
  4176 | D:5      | Reached skill level 10 in Maces & Flails
  4814 | D:6      | Reached ** piety under Okawaru
  5102 | D:6      | Found a sand-covered staircase.
  5109 | Ossuary  | Entered an ossuary
  5203 | Ossuary  | Reached skill level 11 in Maces & Flails
  5228 | Ossuary  | Reached XP level 9. HP: 41/51 MP: 9/9
  5807 | D:6      | Reached *** piety under Okawaru
  5807 | D:6      | Reached skill level 12 in Maces & Flails
  6250 | D:6      | Reached skill level 1 in Dodging
  6745 | D:6      | Reached XP level 10. HP: 39/56 MP: 10/10
  6915 | D:6      | Reached skill level 13 in Maces & Flails
  7030 | D:7      | Reached skill level 5 in Armour
  7050 | D:7      | Reached **** piety under Okawaru
  7763 | D:8      | Found a hide-covered altar of Uskayaw.
  7763 | D:8      | Noticed a hand axe
  7763 | D:8      | Noticed a hand axe
  7870 | D:8      | Found a bloodstained altar of Trog.
  8129 | D:8      | Noticed posistomp's ghost (novice FeSu)
  8154 | D:8      | Killed posistomp's ghost
  8332 | D:8      | Found a sparkling altar of Nemelex Xobeh.
  8446 | D:8      | Found a blossoming altar of Fedhas.
  8632 | D:9      | Found a huge runed gate.
  8632 | D:9      | Found a huge runed gate.
  8632 | D:9      | Found a huge runed gate.
  8632 | D:9      | Found a huge runed gate.
  8632 | D:9      | Noticed a death yak
  8948 | D:9      | Found Zin's Purification Station.
  8951 | D:9      | Found a glowing silver altar of Zin.
  8969 | D:9      | Reached ***** piety under Okawaru
  9222 | D:9      | Noticed a large abomination
  9224 | D:9      | Noticed a large abomination
  9229 | D:9      | Noticed a wizard
  9463 | D:10     | Entered Level 10 of the Dungeon
  9595 | D:10     | Found a shattered altar of Ashenzari.
  9621 | D:10     | Reached skill level 14 in Maces & Flails
  9621 | D:10     | Reached XP level 11. HP: 54/60 MP: 9/11
  9962 | D:9      | Reached skill level 5 in Shields
 10066 | D:8      | Demolished by a large abomination

Skill      XL: |  1  2  3  4  5  6  7  8  9 10 11 |
---------------+----------------------------------+-----
Maces & Flails | 3 4 5 7 9 11 12 14 | 14.0
Dodging        | 2 4 |  4.0
Armour         | 4 6 7 |  7.4
Shields        | 4 5 |  5.2
Fighting       | |  3.2

Action                   |  1- 3 |  4- 6 |  7- 9 | 10-12 || total
-------------------------+-------+-------+-------+-------++-------
Melee: Flail             |   132 |   232 |   656 |   556 ||  1576
Invok: Heroism           |       |       |       |     7 ||     7
Evoke: Wand              |       |     1 |       |       ||     1
  Use: Potion            |       |       |     1 |     1 ||     2
  Eat: Chunk             |       |     5 |     4 |     9 ||    18
       Bread ration      |       |     1 |     1 |     1 ||     3
       Beef jerky        |       |       |     1 |     1 ||     2
       Pizza             |       |       |     1 |       ||     1
Armor: Scale mail        |    36 |       |       |       ||    36
       Ring mail         |    22 |    83 |   216 |   193 ||   514
Dodge: Dodged            |    33 |    69 |   133 |   158 ||   393
Block: Shield            |    63 |   111 |   210 |   186 ||   570
